 Dungeon Crawl Stone Soup version 0.21.1-1-g345015f (webtiles) character file.

89 Monsterracer the Ducker (level 4, -3/21 HPs)
             Began as a Felid Monk on Feb 6, 2018.
             Was a Believer of Dithmenos.
             Slain by a human zombie (5 damage)
             ... in an ossuary.
             The game lasted 00:04:51 (1639 turns).

Monsterracer the Ducker (Felid Monk)                Turns: 1639, Time: 00:04:51

Health: -3/21      AC:  1    Str:  7    XL:     4   Next: 31%
Magic:  5/5        EV: 21    Int: 11    God:    Dithmenos [**....]
Gold:   127        SH:  0    Dex: 20    Spells: 3/3 levels left
                                        Lives:  0   Deaths: 1

rFire    . . .     SeeInvis +     - Unarmed
rCold    . . .     Gourm    .   (shield unavailable)
rNeg     . . .     Faith    .   (armour unavailable)
rPois    .         Spirit   .   (helmet unavailable)
rElec    .         Reflect  .   (cloak unavailable)
rCorr    .         Harm     .   (gloves unavailable)
MR       .....                  (boots unavailable)
Stlth    ++++......             (no amulet)
HPRegen  0.07/turn              (no ring)
MPRegen  0.09/turn              (no ring)

@: wreathed by umbra, quick
A: very small, no armour, no weapons or thrown items, stealth, claws 1, fangs 3,
see invisible, carnivore, speed 1, shaggy fur 1, slow metabolism 1, sharp paws
a: Shadow Step, Renounce Religion


You were in an ossuary.
You worshipped Dithmenos.
Dithmenos was pleased with you.
You were not hungry.

You visited 1 branch of the dungeon, and saw 4 of its levels.
You also visited: Ossuary.

You collected 127 gold pieces.

Inventory:

Wands
 d - a wand of disintegration (10)
Potions
 a - a potion of heal wounds {unknown}
 b - 3 potions of curing
 e - a potion of lignification
Comestibles
 c - 2 rations


   Skills:
 + Level 3.6 Fighting
 + Level 5.0 Dodging
 + Level 4.0 Stealth
 * Level 4.4 Unarmed Combat
 + Level 0.8 Invocations


You had 3 spell levels left.
You didn't know any spells.

Dungeon Overview and Level Annotations

Branches:
Dungeon (4/15)
 Temple: D:4-7

Altars:
Dithmenos

Annotations:
D:2 Sigmund


Innate Abilities, Weirdness & Mutations

You cannot wear armour.
You are incapable of wielding weapons or throwing items.
Your paws allow you to move quietly. (Stealth)
You have sharp claws.
You have razor-sharp teeth.
You have supernaturally acute eyesight. (SInv)
You are carnivorous and can eat meat at any time.
You cover ground quickly.
You are covered in fur. (AC +1)
You have a slow metabolism.
Your sharp claws are effective at attacking unaware monsters.


Message History

The mummy misses you.
You scratch the mummy.
The mummy is almost destroyed.
The kobold zombie completely misses you.
You scratch the mummy but do no damage.
The mummy is almost destroyed.
The kobold zombie barely misses you. The mummy hits you.
You take 1 damage, and have 19/21 hp.
You scratch the mummy.
You destroy the mummy!
Dithmenos accepts your kill.
Your Dodging skill increases to level 5!
The kobold zombie misses you.
You barely miss the kobold zombie.
The kobold zombie is lightly damaged.
You barely miss the kobold zombie. Your bite misses the kobold zombie.
The kobold zombie is lightly damaged.
The kobold zombie closely misses you.
You scratch the kobold zombie.
You destroy the kobold zombie!
Dithmenos accepts your kill.
You pounce on the helpless elf zombie from behind!
You claw the elf zombie! Your bite misses the elf zombie.
The elf zombie is moderately damaged.
The elf zombie misses you.
You barely miss the elf zombie.
The elf zombie is moderately damaged.
The elf zombie closely misses you.
You completely miss the elf zombie. Your bite misses the elf zombie.
The elf zombie is moderately damaged.
The rat zombie misses you.
You claw the elf zombie!
The elf zombie is heavily damaged.
The elf zombie barely misses you.
You closely miss the elf zombie.
The elf zombie is heavily damaged.
The rat zombie misses you. The elf zombie hits you.
You take 1 damage, and have 18/21 hp.
You barely miss the elf zombie.
The elf zombie is heavily damaged.
The rat zombie bites you.
You closely miss the elf zombie.
The elf zombie is heavily damaged.
The elf zombie misses you.
You take 1 damage, and have 17/21 hp.
You scratch the elf zombie but do no damage.
The elf zombie is heavily damaged.
The rat zombie completely misses you. The elf zombie hits you.
You take 5 damage, and have 12/21 hp.
MASSIVE DAMAGE!!
You scratch the elf zombie but do no damage.
The elf zombie is heavily damaged.
The human zombie completely misses you. The rat zombie completely misses you.
The elf zombie hits you!
* * * LOW HITPOINT WARNING * * *
You take 8 damage, and have 4/21 hp.
MASSIVE DAMAGE!!
You open the door.
There is an open door here.
You see here 16 gold pieces.
You see here 15 gold pieces.
You see here 24 gold pieces.
You now have 114 gold pieces (gained 24).
You see here 13 gold pieces.
You now have 127 gold pieces (gained 13).
Okay, then.
You scratch the human zombie.
The human zombie is lightly damaged.
The human zombie misses you.
You scratch the human zombie.
The human zombie is moderately damaged.
You scratch the human zombie.
The human zombie is moderately damaged.
The human zombie closely misses you.
You claw the human zombie!
The human zombie is heavily damaged.
The human zombie closely misses you.
You scratch the human zombie.
The human zombie is heavily damaged.
The human zombie misses you.
You scratch the human zombie.
The human zombie is severely damaged.
You scratch the human zombie.
The human zombie is severely damaged.
The human zombie hits you.
* * * LOW HITPOINT WARNING * * *
You take 4 damage, and have 2/21 hp.
You scratch the human zombie. You bite the human zombie.
The human zombie is severely damaged.
The human zombie misses you.
You scratch the human zombie.
The human zombie is severely damaged.
The human zombie barely misses you.
You scratch the human zombie.
The human zombie is severely damaged.
You scratch the human zombie.
The human zombie is almost destroyed.
The human zombie barely misses you.
You closely miss the human zombie. Your bite misses the human zombie.
The human zombie is almost destroyed.
The human zombie hits you.
You die...

#. #...............
#..................
#..................
#.....##...........
#.....##...........
#..............Z...
#.............Z..Z.
####Z........#####.
#.@#ZZ.............
#$$ZZ..........∩...
###################


You could see a rat zombie, a big kobold zombie, 2 elf zombies and a human
zombie.

Vanquished Creatures
  Jessica (D:2)
  Ijyb (D:3)
  A hound zombie (Ossuary)
  2 mummies (Ossuary)
  5 adders
  2 adder zombies (Ossuary)
  A leopard gecko (D:1)
  3 giant cockroaches
  4 goblins
  A hobgoblin (D:3)
  3 kobolds (D:2)
  A ball python (D:2)
  3 bats
  A frilled lizard (D:2)
  A goblin zombie (Ossuary)
  A kobold zombie (Ossuary)
  2 rats (D:1)
33 creatures vanquished.

Notes
Turn   | Place    | Note
-------+----------+-------------------------------------------
     0 | D:1      | Monsterracer the Felid Monk began the quest for the Orb.
     0 | D:1      | Reached XP level 1. HP: 10/10 MP: 2/2
   266 | D:2      | Reached XP level 2. HP: 14/14 MP: 3/3
   424 | D:2      | Noticed Jessica
   429 | D:2      | Killed Jessica
   429 | D:2      | Reached XP level 3. HP: 17/17 MP: 4/4
   474 | D:2      | Noticed Sigmund
   474 | D:2      | HP: 2/17 [Sigmund/scythe (15)]
   517 | D:2      | HP: 7/17 [adder (3)]
   715 | D:2      | Reached XP level 4. HP: 14/21 MP: 5/5
   845 | D:2      | Found a shadowy altar of Dithmenos.
   848 | D:2      | HP: 10/21 [adder (2)]
   853 | D:2      | HP: 8/21 [poisoned by an adder]
   860 | D:2      | HP: 6/21 [poisoned by an adder]
   868 | D:2      | HP: 5/21 [poisoned by an adder]
  1100 | D:2      | Became a worshipper of Dithmenos the Shadowed
  1100 | D:2      | Reached * piety under Dithmenos
  1100 | D:2      | Reached ** piety under Dithmenos
  1234 | D:3      | Noticed Ijyb
  1261 | D:3      | Killed Ijyb
  1292 | D:3      | HP: 9/21 [orc priest/divine providence (12)]
  1492 | D:4      | Found a sand-covered staircase.
  1501 | Ossuary  | Entered an ossuary
  1534 | Ossuary  | HP: 6/21 [arrow trap (13)]
  1543 | Ossuary  | HP: 3/21 [hound zombie (3)]
  1544 | Ossuary  | Reached XP level 5. HP: 4/24 MP: 6/6
  1551 | Ossuary  | HP: 2/24 [big kobold zombie (1)]
  1563 | Ossuary  | Slain by a big kobold zombie
  1564 | Ossuary  | Reached XP level 4. HP: -1/21 MP: 5/5
  1586 | Ossuary  | Reached skill level 5 in Dodging
  1602 | Ossuary  | HP: 4/21 [elf zombie (8)]
  1634 | Ossuary  | HP: 2/21 [human zombie (4)]
  1639 | Ossuary  | Slain by a human zombie

Skill      XL: |  1  2  3  4 |
---------------+-------------+-----
Stealth        | 3 4 |  4.0
Unarmed Combat | 4 |  4.4
Dodging        | 5 |  5.0
Fighting       | |  3.6
Invocations    | |  0.8

Action                   |  1- 3 |  4- 6 || total
-------------------------+-------+-------++-------
Melee: Unarmed           |    53 |   114 ||   167
       Bite              |     5 |    10 ||    15
       Punch             |     1 |     4 ||     5
  Use: Scroll            |     3 |       ||     3
       Potion            |     2 |       ||     2
 Stab: Sleeping          |     9 |     3 ||    12
       Distracted        |     1 |     1 ||     2
  Eat: Chunk             |     7 |     2 ||     9
Armor: Skin              |     2 |     1 ||     3
Dodge: Dodged            |    37 |    93 ||   130

Vault maps used:
D:1:      dpeg_arrival_tiny_a
D:2:      kennysheep_big_flooded_room, grunt_dithmenos_smoke,
          minmay_small_reverse_x, uniq_sigmund, uniq_jessica
D:3:      elyvilon_altar_5, uniq_ijyb
D:4:      grunt_qazlal_sundering, amethyst_overflow_temple_binary,
          nicolae_ossuary_entry_ruins
Ossuary:  ossuary_minmay_tomb_2a
